 Dungeon Crawl Stone Soup version 0.17-a0-1713-gdf939a4 (webtiles) character file.

268 Dargon the Insei (level 6, -5/52 HPs)
             Began as a Draconian Transmuter on Aug 23, 2015.
             Slain by a phantom (7 damage)
             ... on level 4 of the Dungeon.
             The game lasted 00:27:46 (4467 turns).

Dargon the Insei (Draconian Transmuter)             Turns: 4467, Time: 00:27:46

Health: -5/52      AC:  6    Str: 13    XL:     6   Next: 1%
Magic:  9/9        EV:  7    Int: 13    God:
Gold:   83         SH:  0    Dex: 13    Spells: 2 memorised, 5 levels left

rFire  . . .     SeeInvis .     g - +0 spear
rCold  . . .     Clarity  .     (armour unavailable)
rNeg   . . .     SustAt   .     (no shield)
rPois  .         Gourm    .     (helmet restricted)
rElec  .         Spirit   .     (no cloak)
rCorr  .         Warding  .     (no gloves)
rMut   .         Stasis   .     (no boots)
MR     .....                    (no amulet)
Stlth  +.........               (no ring)
                                (no ring)

@: not resistant to hostile enchantments, very unstealthy
A: unfitting armour, cold-blooded, AC +6
a: no special abilities


You were on level 4 of the Dungeon.
You were not hungry.

You visited 1 branch of the dungeon, and saw 4 of its levels.

You collected 83 gold pieces.

Inventory:

Hand weapons
 g - a +0 spear (weapon)
Missiles
 a - 12 arrows
Magical staves
 m - an uncursed staff of summoning
Magical devices
 e - a wand of frost (21)
 p - a wand of slowing (11)
Scrolls
 h - 2 scrolls of enchant armour
 i - a scroll of identify
 j - a scroll of remove curse
 k - a scroll of amnesia
 l - a scroll of teleportation
 n - a scroll of blinking {unknown}
Potions
 f - a potion of magic
Books
 b - a book of Changes

   Spells                             Type                      Level
   a - Beastly Appendage              Transmutation                1
   b - Sticks to Snakes               Transmutation                2
   c - Spider Form                    Transmutation/Poison         3
   d - Ice Form                       Ice/Transmutation            4
   e - Blade Hands                    Transmutation                5
Comestibles
 c - 4 bread rations
 o - a meat ration


   Skills:
 - Level 3.7 Fighting
 - Level 1.7 Dodging
 * Level 5.8 Unarmed Combat
 - Level 2.0 Spellcasting
 - Level 2.0 Transmutations


You had 5 spell levels left.
You knew the following spells:

 Your Spells              Type           Power        Failure   Level  Hunger
a - Beastly Appendage     Trmt           #.....       12%         1    ##.....
b - Spider Form           Trmt/Pois      #.........   52%         3    ####...


Dungeon Overview and Level Annotations

Branches:
Dungeon (4/15)
 Temple: D:4-7

Altars:
Cheibriados
Okawaru
Vehumet


Innate Abilities, Weirdness & Mutations

Your plain brown scales are hard (AC +6).
Your body does not fit into most forms of armour.
You are cold-blooded and may be slowed by cold attacks.


Message History

The phantom hits you.
* * * LOW HITPOINT WARNING * * *
You are too injured to fight recklessly!
You are too injured to fight recklessly!
You are too injured to fight recklessly!
You barely miss the phantom.
The phantom is severely damaged.
The phantom hits you.
* * * LOW HITPOINT WARNING * * *
You hit the phantom.
The phantom is almost destroyed.
The phantom hits you.
* * * LOW HITPOINT WARNING * * *
You barely miss the phantom.
The phantom is almost destroyed.
The phantom hits you!
* * * LOW HITPOINT WARNING * * *
There is a stone staircase leading up, spattered with blood here.
The phantom hits you!
You die...

##.....##...........##
#.###. ###.######...#
## .# ### ##..# ##
#.## #.# #.## #####
####### #..#
##...#####.....###..#
##..W@.....###.......#
##..#########
###....## ##..##
##..## #...# ####
#..## #...#####
##......### #######..#
##.#


You could see a phantom.

Vanquished Creatures
  The ghost of Edwards80 the Shooter, an average CeHu of Gozag (D:3)
  Ijyb (D:3)
  Jessica (D:3)
  A gnoll (D:3)
  2 adders
  2 oozes (D:1)
  3 worms (D:2)
  9 giant geckos
  12 bats
  3 giant cockroaches
  8 hobgoblins
  7 jackals
  A ball python (D:3)
  5 giant newts
  11 goblins
  8 kobolds
  A quokka (D:3)
  7 rats
83 creatures vanquished.

Notes
Turn   | Place    | Note
--------------------------------------------------------------
     0 | D:1      | Dargon the Draconian Transmuter began the quest for the Orb.
     0 | D:1      | Reached XP level 1. HP: 16/16 MP: 3/3
   170 | D:1      | Reached XP level 2. HP: 23/23 MP: 5/5
   799 | D:1      | Reached XP level 3. HP: 21/29 MP: 6/6
  1007 | D:1      | Reached skill level 4 in Unarmed Combat
  1042 | D:2      | Learned a level 3 spell: Spider Form
  1059 | D:2      | You fall through a shaft!
  1391 | D:2      | Reached XP level 4. HP: 35/37 MP: 7/7
  1664 | D:2      | Found an iron altar of Okawaru.
  2561 | D:3      | Noticed Jessica
  2589 | D:3      | Killed Jessica
  2595 | D:3      | Found a radiant altar of Vehumet.
  3034 | D:3      | Noticed Ijyb
  3063 | D:3      | Killed Ijyb
  3063 | D:3      | Reached skill level 5 in Unarmed Combat
  3063 | D:3      | Reached XP level 5. HP: 41/45 MP: 8/8
  3196 | D:3      | Noticed Edwards80's ghost (average CeHu)
  3207 | D:3      | Killed Edwards80's ghost
  3352 | D:3      | Found a snail-covered altar of Cheibriados.
  3710 | D:4      | Noticed a phantom
  3731 | D:4      | Reached XP level 6. HP: 37/52 MP: 9/9
  4462 | D:4      | HP: 1/52 [phantom (7)]
  4467 | D:4      | Slain by a phantom

Vault maps used:
D:1:      co_arrival_square_in_a_square_in_a_square, minmay_misc_feat_doors,
          minmay_fountain_box, st_stairs_5
D:2:      lemuel_round_altar, fountainhead
D:3:      cheibriados_altar_wand_db, vehumet_altar_wand_db,
          nicolae_overflow_hidden_temple, item_on_display_a, uniq_iyjb,
          uniq_jessica
D:4:      first_bread

Action                   |  1- 3 |  4- 6 || total
-------------------------+-------+-------++-------
Melee: Unarmed           |    37 |    15 ||    52
       Spear             |   100 |   310 ||   410
       Short sword       |    14 |       ||    14
 Cast: Spider Form       |       |     3 ||     3
       Beastly Appendage |       |     1 ||     1
  Use: Potion            |       |     3 ||     3
       Scroll            |       |     7 ||     7
 Stab: Sleeping          |     8 |       ||     8
  Eat: Chunk             |     2 |     9 ||    11
       Beef jerky        |       |     1 ||     1
